 Dungeon Crawl Stone Soup version 0.28.0-49-g6dfe1f597d (webtiles) character file.

Game seed: 13068423329620824194

259 Zeld the Chopper (level 6, 0/57 HPs)
             Began as a Hill Orc Monk on May 19, 2022.
             Slain by a scorpion (7 damage)
             ... on level 4 of the Dungeon.
             The game lasted 00:02:38 (4228 turns).

Zeld the Chopper (Hill Orc Monk)                    Turns: 4228, Time: 00:02:39

Health: 0/57       AC:  2    Str: 16    XL:     6   Next: 17%
Magic:  6/6        EV: 12    Int: 10    God:
Gold:   101        SH:  0    Dex: 13    Spells: 5/5 levels left

rFire   + . .      SeeInvis .   a - +0 hand axe
rCold   + . .      Faith    .   (no shield)
rNeg    . . .      Spirit   .   b - +0 robe
rPois   .          Reflect  .   (no helmet)
rElec   .          Harm     .   (no cloak)
rCorr   .          Rampage  .   (no gloves)
Will    .....                   (no boots)
Stlth   ++........              (no amulet)
HPRegen 0.19/turn               l - ring of protection from fire
MPRegen 0.10/turn               j - ring of protection from cold

@: lethally poisoned (0 -> -2)
A: no striking features
a: no special abilities


You were on level 4 of the Dungeon.
You visited 1 branch of the dungeon, and saw 4 of its levels.

You collected 101 gold pieces.

Inventory:

Hand Weapons
 a - a +0 hand axe (weapon)
Armour
 b - a +0 robe (worn)
Jewellery
 j - a ring of protection from cold (right hand)
 l - a ring of protection from fire (left hand)
Wands
 t - a wand of digging (2)
Scrolls
 c - 3 scrolls of identify {unknown}
 d - a scroll of amnesia {unknown}
 g - a scroll of vulnerability {unknown}
 h - 2 scrolls of teleportation {unknown}
 i - a scroll of noise {unknown}
 m - 2 scrolls of blinking {unknown}
 n - 2 scrolls of immolation {unknown}
 q - a scroll of fear {unknown}
 r - a scroll of torment {unknown}
Potions
 e - 2 potions of invisibility {unknown}
 f - a potion of degeneration {unknown}
 k - a potion of attraction {unknown}
 o - a potion of haste {unknown}
 p - a potion of berserk rage {unknown}
 s - 2 potions of heal wounds {unknown}
 u - a potion of cancellation {unknown}


   Skills:
 * Level 5.8 Fighting
 * Level 6.3 Axes
 + Level 2.6 Armour
 - Level 2.4 Dodging
 - Level 1.5 Stealth


You had 5 spell levels left.
You didn't know any spells.
Your spell library was empty.

Dungeon Overview and Level Annotations

Branches:
Dungeon (4/15)
 Temple: D:4-7

Altars:
Nemelex Xobeh


Message History

You see here an amethyst potion.
A scorpion is nearby!
A scorpion is nearby!
A scorpion is nearby!
A water moccasin comes into view.
The water moccasin hisses angrily.
You hit the scorpion but do no damage. The scorpion stings you!
You are poisoned.
The scorpion poisons you!
You barely miss the scorpion.
You feel very sick. The scorpion stings you.
You barely miss the scorpion.
You feel very sick. The scorpion stings you. The scorpion closely misses you.
You hit the water moccasin.
The water moccasin is lightly wounded.
You hit the scorpion but do no damage.
You feel sick. The water moccasin barely misses you.
The scorpion barely misses you.
You hit the scorpion but do no damage.
You hit the water moccasin but do no damage.
You feel sick.
The water moccasin bites you but does no damage.
The scorpion stings you but does no damage.
The water moccasin bites you but does no damage.
Unknown command.
You closely miss the scorpion. You hit the water moccasin.
You feel sick. The scorpion stings you. The water moccasin closely misses you.
Unknown command.
You closely miss the scorpion. You hit the water moccasin.
You feel sick. The water moccasin bites you. The scorpion stings you.
The water moccasin bites you!
* * * LOW HITPOINT WARNING * * *
Unknown command.
Okay, then.
You hit the scorpion but do no damage. You miss the water moccasin.
You feel sick. The scorpion barely misses you. The water moccasin bites you!
* * * LOW HITPOINT WARNING * * *
The scorpion stings you!
You die...

#........ #.......
#...... #.....###+#
###.....#...#
#.......#...# ###+##
#....sS.#...# #.....
#....@..#...# #.....
#.......#...# #.....
#.......#...# ###.....
##......#'#####....###
#...!..#.....#....#..
#...†..'.....#....#..
#......#.....#....#..
.........#.....#..†.#..
..........#.....#....#..


You could see a water moccasin and a scorpion.

Vanquished Creatures
  A scorpion (D:4)
  Natasha (thrice) (D:2)
  An orc wizard (D:3)
  A hound skeleton (D:4)
  3 adders (D:2)
  An adder skeleton (D:4)
  A worm (D:2)
  2 dart slugs
  5 orcs
  4 bats
  5 endoplasms
  A giant cockroach (D:2)
  3 goblins
  5 hobgoblins
  A quokka (D:4)
  4 ball pythons
  2 frilled lizards
  3 kobolds
  4 rats
50 creatures vanquished.

Notes
Turn   | Place    | Note
-------+----------+-------------------------------------------
     0 | D:1      | Zeld the Hill Orc Monk began the quest for the Orb.
     0 | D:1      | Reached XP level 1. HP: 19/19 MP: 1/1
   296 | D:1      | Reached XP level 2. HP: 27/27 MP: 2/2
   812 | D:2      | Reached skill level 1 in Armour
  1026 | D:2      | Reached XP level 3. HP: 32/33 MP: 3/3
  1069 | D:2      | Found a sparkling altar of Nemelex Xobeh.
  2108 | D:2      | Noticed Natasha
  2128 | D:2      | Killed Natasha
  2129 | D:2      | Reached skill level 5 in Axes
  2129 | D:2      | Reached XP level 4. HP: 7/41 MP: 4/4
  2458 | D:2      | Noticed Natasha
  2473 | D:2      | Killed Natasha
  2742 | D:2      | Reached skill level 5 in Fighting
  2816 | D:2      | Noticed Natasha
  2832 | D:2      | Killed Natasha
  2833 | D:2      | Reached XP level 5. HP: 37/48 MP: 5/5
  3958 | D:4      | Reached skill level 6 in Axes
  4146 | D:4      | Reached XP level 6. HP: 43/57 MP: 6/6
  4220 | D:4      | Noticed a water moccasin
  4228 | D:4      | Slain by a scorpion

Illustrated notes

Levels and vault maps discovered:
D:1:      evilmike_arrival_plus, layout_basic, kennysheep_doodads
D:2:      layout_basic, basic_altar, dk_noncrumbling_3, uniq_natasha
D:3:      layout_loops_ring
D:4:      layout_gridville, minmay_temple_entry_overgrown,
          gammafunk_ghost_nasty_kobolds, solitary_fountain

Skill      XL: |  1  2  3  4  5 |
---------------+----------------+-----
Fighting       | 4 5 |  5.8
Armour         | 1 2 |  2.6
Axes           | 5 6 |  6.3
Dodging        | |  2.4
Stealth        | |  1.5

Action                   |  1- 3 |  4- 6 || total
-------------------------+-------+-------++-------
Melee: Hand axe          |   116 |   116 ||   232
 Stab: Sleeping          |     5 |     4 ||     9
       Distracted        |       |     1 ||     1
Armor: Robe              |    20 |    23 ||    43
Dodge: Dodged            |    83 |    53 ||   136
